 Dungeon Crawl Stone Soup version 0.30.0-10-gfe55d96785 (webtiles) character file.

Game seed: 18132569580490855126

5398 qw the Blocker (level 10, -6/60 HPs)
             Began as a Gargoyle Cinder Acolyte on May 17, 2023.
             Was an Initiate of Okawaru.
             Mangled by a boulder beetle (17 damage)
             ... on level 12 of the Dungeon.
             The game lasted 00:05:00 (8801 turns).

qw the Blocker (Gargoyle Cinder Acolyte)            Turns: 8801, Time: 00:05:01

Health: -6/60      AC: 22    Str: 22    XL:     10   Next: 66%
Magic:  11/11      EV:  6    Int: 15    God:    Okawaru [......]
Gold:   343        SH: 16    Dex: 11    Spells: 11/11 levels left

rFire   . . .        Y - +1 war axe
rCold   + . .        l - +0 tower shield
rNeg    + . .        m - +0 chain mail
rPois   inf          (no helmet)
rElec   +            (no cloak)
rCorr   .            i - +2 pair of gloves
SInv    .            o - +1 pair of boots
Will    .....        (no amulet) Stlth
                     d - ring of protection from cold
HPRegen 0.30/turn    g - +6 ring of dexterity
MPRegen 0.12/turn

%: no passive effects
@: fire susceptible
A: sickness immunity, AC +7, negative energy resistance 1, electricity
resistance, torment resistance 1, petrification resistance
a: Renounce Religion


You were on level 12 of the Dungeon.
You worshipped Okawaru.
Okawaru was noncommittal.
You visited 2 branches of the dungeon, and saw 11 of its levels.

You collected 343 gold pieces.


Innate Abilities, Weirdness & Mutations

You are immune to sickness and miasma.
Your stone body is resilient. (AC +7)
You are immune to poison.
You resist negative energy. (rN+)
You are resistant to electric shocks. (rElec)
You are resistant to unholy torment.
You are immune to petrification.


   Skills:
 - Level 6.0 Fighting
 - Level 9.1 Axes
 - Level 1.0 Throwing
 - Level 4.2 Armour
 - Level 1.0 Dodging
 + Level 11.4 Shields
 - Level 1.0 Spellcasting
 - Level 3.0 Fire Magic


You had 11 spell levels left.
You didn't know any spells.
Your spell library contained the following spells:

 Spells                   Type           Power      Damage    Failure   Level
 Scorch                   Fire           18%        2d5       93%         2

Inventory:

Hand Weapons
 b - a -1 hand axe of flaming
 Y - a +1 war axe (weapon)
Missiles
 p - 3 boomerangs (quivered)
Armour
 i - a +2 pair of gloves (worn)
 l - a +0 tower shield (worn)
 m - a +0 chain mail (worn)
 o - a +1 pair of boots (worn)
Jewellery
 d - a ring of protection from cold (left hand)
 g - a +6 ring of dexterity (right hand)
 n - a ring of resist corrosion
Scrolls
 j - 5 scrolls of identify
Potions
 a - a potion of cancellation
 e - 6 potions of curing
 h - 2 potions of mutation

Dungeon Overview and Level Annotations

Branches:
Dungeon (9/15)             Temple (1/1) D:7             Orc (0/2) D:9
   Lair: D:8-11

Altars:
Cheibriados
Dithmenos
Elyvilon
Fedhas
Gozag
Hepliaklqana
Kikubaaqudgha
Makhleb
Nemelex Xobeh
Okawaru
Qazlal
Ru
Sif Muna
Trog
Uskayaw
Vehumet
Wu Jian
Xom
Yredelemnul
Zin
The Shining One

Annotations:
D:5 1 runed translucent door, qw's ghost, novice GrCA
D:6 2 transporters


Message History

The boulder beetle is severely wounded.
The boulder beetle bites you but does no damage.
You block the boulder beetle's attack.
You hit the boulder beetle but do no damage.
The boulder beetle is severely wounded.
You block the boulder beetle's attack.
You hit the boulder beetle but do no damage.
The boulder beetle is severely wounded.
The boulder beetle leaps!
You start resting.
A boulder beetle is nearby!
You are too injured to fight recklessly!
The boulder beetle curls into a ball and begins rolling!
You block the boulder beetle's attack.
The boulder beetle stops rolling and uncurls.
You barely miss the boulder beetle.
The boulder beetle is heavily wounded.
You block the boulder beetle's attack.
You hit the boulder beetle but do no damage.
The boulder beetle is heavily wounded.
The boulder beetle barely misses you.
You hit the boulder beetle but do no damage.
The boulder beetle is heavily wounded.
The boulder beetle bites you.
You slash the boulder beetle!
The boulder beetle is severely wounded.
You block the boulder beetle's attack. The boulder beetle bites you!
You hit the boulder beetle but do no damage.
The boulder beetle is severely wounded.
You block the boulder beetle's attack.
You slash the boulder beetle!
The boulder beetle is almost dead.
The boulder beetle bites you but does no damage.
You hit the boulder beetle but do no damage.
The boulder beetle is almost dead.
The boulder beetle bites you but does no damage.
You hit the boulder beetle but do no damage.
The boulder beetle is almost dead.
The boulder beetle bites you!
You die...

... ... #.# #.# .# #.#
#.# .# #.# #.# .# #.#
#.# .# #.# #.# .# #.#
#}# .#
#####.#####.#####%######
................@B......
##.##########.#####.....
#.# #.# ... #.# #.# .
#.# #.# #.# #.# #.# #.#
#.# #.# #.# #.#


You could see a boulder beetle.

Vanquished Creatures
  A two-headed ogre (D:9)
  A manticore (D:12)
  Grinder (D:4)
  A wyvern (D:7)
  4 yaks (D:8)
  A steam dragon (D:8)
  Duvessa (D:4)
  5 orc warriors
  A black bear (D:6)
  2 sky beasts
  2 phantoms (D:5)
  An ogre (D:5)
  2 kobold brigands
  Blork the orc (D:6)
  2 bullfrogs
  A gnoll sergeant (D:8)
  3 scorpions
  5 wights (D:5)
  Dowan (D:4)
  5 killer bees (D:9)
  5 howler monkeys
  2 gnoll boudas
  A jelly (D:2)
  2 hounds
  3 sleepcaps
  3 orc priests
  4 iguanas
  7 orc wizards
  16 gnolls
  10 adders
  2 white imps
  3 ufetubi
  4 worms
  A dart slug (D:2)
  54 orcs
  5 ball pythons
  4 bats
  6 endoplasms
  5 giant cockroaches
  13 goblins
  6 hobgoblins
  13 kobolds
  3 quokkas
  3 frilled lizards
  A rat (D:1)
217 creatures vanquished.

Notes
Turn   | Place    | Note
-------+----------+-------------------------------------------
     0 | D:1      | qw the Gargoyle Cinder Acolyte began the quest for the Orb.
     0 | D:1      | Reached XP level 1. HP: 14/14 MP: 2/2
     0 | D:1      | 0 ||| qw: Version: 0.2-a-95-g4c1bab1
     0 | D:1      | 0 ||| qw: Game counter: 151
     0 | D:1      | 0 ||| qw: Always use a shield: true
     0 | D:1      | 0 ||| qw: God list: Okawaru
     0 | D:1      | 0 ||| qw: Allow faded altars: false
     0 | D:1      | 0 ||| qw: Do Orc after D:15 true
     0 | D:1      | 0 ||| qw: Do second Lair branch before Depths: true
     0 | D:1      | 0 ||| qw: Lair rune preference: random
     0 | D:1      | 0 ||| qw: Plans: Normal
     0 | D:1      | 0 ||| PLANNING D:1-11
   108 | D:1      | Reached skill level 3 in Axes
   113 | D:1      | 113 ||| Stepping ~*~*~tactically~*~*~ (stealth).
   130 | D:1      | 130 ||| INVOKING Fiery Armour.
   131 | D:1      | Reached XP level 2. HP: 10/19 MP: 3/3
   757 | D:1      | 757 ||| UPGRADING to +0 pair of gloves.
   762 | D:1      | 762 ||| READING scroll labelled GEPHOF UMUSOING.
   763 | D:1      | 763 ||| READING scroll labelled POPLOT SAIT.
   764 | D:1      | 764 ||| READING scroll labelled ITANAE BIME.
   765 | D:1      | 765 ||| DRINKING 3 white potions.
   780 | D:2      | 780 ||| INVOKING Fiery Armour.
   785 | D:2      | Reached XP level 3. HP: 21/23 MP: 4/4
   875 | D:2      | 875 ||| INVOKING Fiery Armour.
   879 | D:2      | Reached XP level 4. HP: 21/28 MP: 5/5
   891 | D:2      | HP: 7/28 [worm (8)]
  1187 | D:2      | Reached XP level 5. HP: 22/32 MP: 6/6
  1218 | D:2      | 1218 ||| Stepping ~*~*~tactically~*~*~ (stealth).
  1228 | D:2      | Found a faded altar of an unknown god.
  1238 | D:2      | 1238 ||| Stepping ~*~*~tactically~*~*~ (stealth).
  1240 | D:2      | 1240 ||| Stepping ~*~*~tactically~*~*~ (hiding).
  1396 | D:2      | 1396 ||| Stepping ~*~*~tactically~*~*~ (stealth).
  1431 | D:2      | 1431 ||| INVOKING Fiery Armour.
  1630 | D:2      | 1630 ||| UPGRADING to +0 leather armour.
  1640 | D:2      | 1640 ||| DROPPING +0 robe.
  1641 | D:2      | 1641 ||| UPGRADING to +0 scale mail.
  1651 | D:2      | 1651 ||| DROPPING +0 leather armour.
  1652 | D:2      | 1652 ||| UPGRADING to +0 tower shield.
  1657 | D:2      | 1657 ||| UPGRADING to +0 pair of boots.
  1662 | D:2      | 1662 ||| UPGRADING to amulet of guardian spirit.
  1667 | D:2      | 1667 ||| UPGRADING to ring of protection from cold.
  1668 | D:2      | 1668 ||| UPGRADING to +6 ring of dexterity.
  1669 | D:2      | 1669 ||| READING 2 scrolls labelled WED ETOERAICO.
  1670 | D:2      | 1670 ||| READING scroll labelled MUONOPT ESTO.
  1671 | D:2      | 1671 ||| READING scroll labelled WIURAFROTA.
  1675 | D:2      | 1675 ||| READING scroll labelled FUOTZUMIRO.
  1778 | D:3      | Reached skill level 1 in Shields
  2028 | D:3      | 2028 ||| Stepping ~*~*~tactically~*~*~ (stealth).
  2029 | D:3      | 2029 ||| Stepping ~*~*~tactically~*~*~ (stealth).
  2093 | D:3      | 2093 ||| READING scroll of enchant armour.
  2093 | D:3      | 2093 ||| ENCHANTING +0 pair of gloves.
  2099 | D:3      | 2099 ||| Stepping ~*~*~tactically~*~*~ (stealth).
  2100 | D:3      | 2100 ||| Stepping ~*~*~tactically~*~*~ (stealth).
  2158 | D:3      | 2158 ||| Stepping ~*~*~tactically~*~*~ (hiding).
  2161 | D:3      | 2161 ||| Stepping ~*~*~tactically~*~*~ (hiding).
  2162 | D:3      | 2162 ||| Stepping ~*~*~tactically~*~*~ (hiding).
  2166 | D:3      | Reached skill level 2 in Shields
  2308 | D:3      | 2308 ||| SWAPPING to +0 hand axe of electrocution.
  2586 | D:3      | 2586 ||| READING scroll labelled PEOSY ATOOSAS.
  2587 | D:3      | 2587 ||| READING 6 scrolls of identify.
  2587 | D:3      | 2587 ||| IDENTIFYING fizzy coppery potion
  2588 | D:3      | 2588 ||| READING 5 scrolls of identify.
  2588 | D:3      | 2588 ||| IDENTIFYING glowing black potion
  2589 | D:3      | 2589 ||| DROPPING potion of invisibility.
  2765 | D:4      | Noticed Grinder
  2779 | D:4      | Paralysed by Grinder for 5 turns
  2784 | D:4      | 2784 ||| INVOKING Fiery Armour.
  2792 | D:4      | HP: 8/32 [Grinder/nerve-wracking pain (5)]
  2792 | D:4      | Paralysed by Grinder for 3 turns
  2794 | D:4      | HP: 3/32 [Grinder/nerve-wracking pain (5)]
  2795 | D:4      | 2795 ||| READING scroll of teleportation.
  2937 | D:4      | 2937 ||| Stepping ~*~*~tactically~*~*~ (stealth).
  2939 | D:4      | 2939 ||| Stepping ~*~*~tactically~*~*~ (stealth).
  2963 | D:4      | Found a bloodstained altar of Trog.
  2965 | D:4      | 2965 ||| Stepping ~*~*~tactically~*~*~ (hiding).
  2967 | D:4      | Noticed Duvessa
  2968 | D:4      | Noticed Dowan
  2970 | D:4      | 2970 ||| INVOKING Fiery Armour.
  2979 | D:4      | Killed Duvessa
  2980 | D:4      | Reached skill level 4 in Shields
  2980 | D:4      | Reached XP level 6. HP: 29/37 MP: 5/7
  2986 | D:4      | Killed Dowan
  3029 | D:4      | Reached skill level 1 in Armour
  3155 | D:4      | Killed Grinder
  3156 | D:4      | Reached skill level 6 in Shields
  3156 | D:4      | Reached XP level 7. HP: 31/41 MP: 6/8
  3437 | D:4      | 3437 ||| DROPPING ring of magical power.
  3438 | D:4      | 3438 ||| READING scroll labelled NIYGECORIZ.
  3442 | D:5      | Entered Level 5 of the Dungeon
  3524 | D:5      | 3524 ||| Stepping ~*~*~tactically~*~*~ (stealth).
  3526 | D:5      | 3526 ||| Stepping ~*~*~tactically~*~*~ (stealth).
  3528 | D:5      | 3528 ||| Stepping ~*~*~tactically~*~*~ (stealth).
  3565 | D:5      | Reached skill level 7 in Shields
  3608 | D:5      | 3608 ||| Stepping ~*~*~tactically~*~*~ (hiding).
  3610 | D:5      | 3610 ||| Stepping ~*~*~tactically~*~*~ (hiding).
  3611 | D:5      | 3611 ||| Stepping ~*~*~tactically~*~*~ (hiding).
  3612 | D:5      | 3612 ||| Stepping ~*~*~tactically~*~*~ (hiding).
  3613 | D:5      | 3613 ||| Stepping ~*~*~tactically~*~*~ (hiding).
  3614 | D:5      | 3614 ||| Stepping ~*~*~tactically~*~*~ (hiding).
  3616 | D:5      | 3616 ||| Stepping ~*~*~tactically~*~*~ (hiding).
  3619 | D:5      | 3619 ||| DRINKING 5 potions of curing.
  3619 | D:5      | 3619 ||| (to cure confusion)
  3622 | D:5      | 3622 ||| DRINKING 4 potions of curing.
  3622 | D:5      | 3622 ||| (to cure confusion)
  3628 | D:5      | Reached XP level 8. HP: 46/46 MP: 9/9
  3642 | D:5      | 3642 ||| Stepping ~*~*~tactically~*~*~ (stealth).
  3658 | D:5      | Reached skill level 8 in Shields
  3665 | D:5      | Reached skill level 1 in Dodging
  3725 | D:5      | 3725 ||| INVOKING Fiery Armour.
  3847 | D:5      | 3847 ||| Stepping ~*~*~tactically~*~*~ (hiding).
  3998 | D:5      | 3998 ||| SWAPPING to +0 war axe.
  3999 | D:5      | 3999 ||| DROPPING +0 hand axe of electrocution.
  4074 | D:5      | Found a blossoming altar of Fedhas.
  4074 | D:5      | Found a glowing silver altar of Zin.
  4141 | D:5      | Found a runed translucent door.
  4141 | D:5      | Noticed qw's ghost (novice GrCA)
  4160 | D:5      | Found a snail-covered altar of Cheibriados.
  4217 | D:5      | 4217 ||| Stepping ~*~*~tactically~*~*~ (stealth).
  4279 | D:5      | 4279 ||| INVOKING Fiery Armour.
  4280 | D:5      | HP: 11/46 [ogre/+0 giant club (9)]
  4281 | D:5      | 4281 ||| READING scroll of teleportation.
  4284 | D:5      | Reached skill level 9 in Shields
  4700 | D:5      | 4700 ||| READING scroll labelled TYLISU TENOCI.
  4701 | D:5      | 4701 ||| READING 7 scrolls of identify.
  4701 | D:5      | 4701 ||| IDENTIFYING black potion
  4702 | D:5      | 4702 ||| READING 6 scrolls of identify.
  4702 | D:5      | 4702 ||| IDENTIFYING inky potion
  4703 | D:5      | 4703 ||| READING 5 scrolls of identify.
  4703 | D:5      | 4703 ||| IDENTIFYING metallic red potion
  4704 | D:5      | 4704 ||| DROPPING potion of flight.
  4705 | D:5      | 4705 ||| DROPPING potion of attraction.
  4714 | D:6      | 4714 ||| PLANNING SEWER
  4719 | D:6      | 4719 ||| STAIRDANCE
  4770 | D:6      | 4770 ||| Stepping ~*~*~tactically~*~*~ (stealth).
  4773 | D:6      | 4773 ||| Stepping ~*~*~tactically~*~*~ (stealth).
  4778 | D:6      | 4778 ||| Stepping ~*~*~tactically~*~*~ (stealth).
  4779 | D:6      | 4779 ||| Stepping ~*~*~tactically~*~*~ (stealth).
  4793 | D:6      | Found a transporter.
  4888 | D:6      | 4888 ||| Stepping ~*~*~tactically~*~*~ (hiding).
  5086 | D:6      | Found a transporter.
  5132 | D:6      | Noticed Blork the orc
  5143 | D:6      | Killed Blork the orc
  5286 | D:6      | Reached skill level 6 in Axes
  5286 | D:6      | Reached XP level 9. HP: 50/52 MP: 10/10
  5335 | D:6      | 5335 ||| INVOKING Fiery Armour.
  5349 | D:6      | Paralysed by a gnoll for 5 turns
  5458 | D:6      | 5458 ||| RIP SEWER
  5569 | D:6      | 5569 ||| PLANNING D:1-11
  5687 | D:6      | 5687 ||| UPGRADING to +0 chain mail.
  5697 | D:6      | 5697 ||| DROPPING +0 scale mail.
  5698 | D:6      | 5698 ||| READING scroll labelled PUINUGOUSO.
  5699 | D:6      | 5699 ||| DRINKING 2 yellow potions.
  5700 | D:6      | 5700 ||| READING 4 scrolls of identify.
  5700 | D:6      | 5700 ||| IDENTIFYING glowing blue potion
  5701 | D:6      | 5701 ||| DROPPING potion of brilliance.
  5702 | D:6      | 5702 ||| DROPPING potion of ambrosia.
  5733 | D:7      | 5733 ||| Stepping ~*~*~tactically~*~*~ (stealth).
  5852 | D:7      | Found an ancient bone altar of Kikubaaqudgha.
  5951 | D:7      | 5951 ||| Stepping ~*~*~tactically~*~*~ (stealth).
  5961 | D:7      | Reached skill level 3 in Armour
  6038 | D:7      | 6038 ||| INVOKING Fiery Armour.
  6068 | D:7      | Found a stormy altar of Qazlal.
  6092 | D:7      | Reached skill level 10 in Shields
  6166 | D:7      | Found a staircase to the Ecumenical Temple.
  6210 | D:7      | Found a flagged portal.
  6281 | D:7      | 6281 ||| READING 2 scrolls labelled SETUJ KOXUARO.
  6282 | D:7      | 6282 ||| READING 6 scrolls of identify.
  6282 | D:7      | 6282 ||| IDENTIFYING dark potion
  6283 | D:7      | 6283 ||| READING 5 scrolls of identify.
  6283 | D:7      | 6283 ||| IDENTIFYING viscous coppery potion
  6284 | D:7      | 6284 ||| DROPPING scroll of noise.
  6285 | D:7      | 6285 ||| DROPPING potion of lignification.
  6432 | D:8      | 6432 ||| Stepping ~*~*~tactically~*~*~ (stealth).
  6433 | D:8      | 6433 ||| Stepping ~*~*~tactically~*~*~ (stealth).
  6435 | D:8      | 6435 ||| Stepping ~*~*~tactically~*~*~ (stealth).
  6436 | D:8      | 6436 ||| Stepping ~*~*~tactically~*~*~ (stealth).
  6451 | D:8      | 6451 ||| Stepping ~*~*~tactically~*~*~ (stealth).
  6452 | D:8      | 6452 ||| Stepping ~*~*~tactically~*~*~ (stealth).
  6453 | D:8      | 6453 ||| Stepping ~*~*~tactically~*~*~ (stealth).
  6478 | D:8      | 6478 ||| INVOKING Fiery Armour.
  6551 | D:8      | 6551 ||| Stepping ~*~*~tactically~*~*~ (stealth).
  6554 | D:8      | 6554 ||| Stepping ~*~*~tactically~*~*~ (stealth).
  6569 | D:8      | 6569 ||| Stepping ~*~*~tactically~*~*~ (stealth).
  6573 | D:8      | 6573 ||| Stepping ~*~*~tactically~*~*~ (stealth).
  6584 | D:8      | Reached skill level 11 in Shields
  6923 | D:8      | 6923 ||| Stepping ~*~*~tactically~*~*~ (hiding).
  6939 | D:8      | Reached XP level 10. HP: 47/59 MP: 8/11
  6964 | D:8      | 6964 ||| Stepping ~*~*~tactically~*~*~ (stealth).
  6988 | D:8      | 6988 ||| Stepping ~*~*~tactically~*~*~ (hiding).
  7007 | D:8      | 7007 ||| Stepping ~*~*~tactically~*~*~ (stealth).
  7008 | D:8      | 7008 ||| Stepping ~*~*~tactically~*~*~ (stealth).
  7457 | D:9      | 7457 ||| INVOKING Fiery Armour.
  7470 | D:9      | 7470 ||| DRINKING 6 potions of curing.
  7470 | D:9      | 7470 ||| (to cure confusion)
  7627 | D:9      | 7627 ||| READING scroll of enchant armour.
  7627 | D:9      | 7627 ||| ENCHANTING +1 pair of gloves.
  7639 | D:9      | Noticed a two-headed ogre
  7657 | D:9      | HP: 6/59 [two-headed ogre/+0 giant club (9)]
  7658 | D:9      | 7658 ||| READING scroll of teleportation.
  7659 | D:9      | 7659 ||| DRINKING potion of heal wounds.
  7703 | D:9      | 7703 ||| Stepping ~*~*~tactically~*~*~ (stealth).
  7750 | D:9      | 7750 ||| Stepping ~*~*~tactically~*~*~ (hiding).
  7766 | D:9      | Reached skill level 1 in Throwing
  7788 | D:9      | 7788 ||| Stepping ~*~*~tactically~*~*~ (hiding).
  7825 | D:9      | Found a staircase to the Orcish Mines.
  7826 | D:9      | 7826 ||| PLANNING TEMPLE
  7899 | Temple   | Entered the Ecumenical Temple
  7912 | Temple   | 7912 ||| PLANNING OKAWARU WORSHIP
  8116 | Temple   | Fell from the grace of Ignis
  8116 | Temple   | Became a worshipper of Warmaster Okawaru
  8117 | Temple   | 8117 ||| PLANNING D:1-11
  8117 | Temple   | 8117 ||| REMOVING amulet of guardian spirit.
  8122 | Temple   | 8122 ||| DROPPING amulet of guardian spirit.
  8280 | D:9      | Reached skill level 6 in Fighting
  8399 | D:9      | 8399 ||| READING scroll of enchant armour.
  8399 | D:9      | 8399 ||| ENCHANTING +0 pair of boots.
  8417 | D:9      | 8417 ||| Stepping ~*~*~tactically~*~*~ (hiding).
  8503 | D:9      | 8503 ||| Stepping ~*~*~tactically~*~*~ (stealth).
  8514 | D:9      | HP: 3/60 [two-headed ogre/+0 giant club (17)]
  8515 | D:9      | Killed a two-headed ogre
  8515 | D:9      | Reached * piety under Okawaru
  8516 | D:9      | Reached skill level 9 in Axes
  8708 | D:9      | You fall into a shaft and drop 3 floors!
  8752 | D:12     | Noticed a boulder beetle
  8753 | D:12     | 8753 ||| INVOKING Heroism.
  8754 | D:12     | Noticed a manticore
  8764 | D:12     | Killed a manticore
  8765 | D:12     | 8765 ||| INVOKING Heroism.
  8797 | D:12     | HP: 10/60 [boulder beetle (13)]
  8801 | D:12     | Mangled by a boulder beetle

Levels and vault maps discovered:
D:1:      minmay_arrival_hallway, layout_loops_ring, serial_bayou_pond_c
D:2:      layout_rooms, chequers_ecumenical_altar_twisty,
          chequers_serial_rivers_small_b
D:3:      layout_basic
D:4:      layout_basic, mainiacjoe_overflow_chevrons, kennysheep_generic_room_2,
          uniq_duvessa, uniq_grinder
D:5:      minmay_inner_zag, layout_loops_ring, nicolae_overflow_two_pavilions,
          overflow_temple_1_default, hellmonk_ghost_happy_afterlife
D:6:      gammafunk_cloud_chamber, layout_loops_ring, serial_glass,
          glass_columns_a, glass_columns_b, gup_sewer_entry_bowl,
          uniq_blork_the_orc
D:7:      layout_cave_pools, nicolae_qazlal_beasts_of_the_sky,
          mainiacjoe_overflow_alcove_1, minmay_temple_entry_arrows,
          enter_bailey_3
D:8:      layout_basic, nicolae_zen_rock_garden, st_stairs_5,
          ebering_dispersal_statue_hall
D:9:      layout_basic, marbit_many_paths, david_orc_5, moated_statue
D:12:     layout_small_grid
Temple:   regret_index_temple_generic_petals

Skill      XL: |  1  2  3  4  5  6  7  8  9 10 |
---------------+-------------------------------+-----
Axes           | 3 4 5 6 7 9 |  9.1
Shields        | 4 6 7 9 11 | 11.4
Armour         | 1 2 3 4 |  4.2
Dodging        | 1 |  1.0
Fighting       | 4 5 6 |  6.0
Throwing       | 1 |  1.0
Spellcasting   | |  1.0
Fire Magic     | |  3.0

Action                     |  1- 3 |  4- 6 |  7- 9 | 10-12 || total
---------------------------+-------+-------+-------+-------++-------
  Melee: Hand axe          |    54 |   201 |   116 |       ||   371
         War axe           |       |       |   273 |   220 ||   493
  Throw: Boomerang         |       |     6 |     8 |    18 ||    32
 Invoke: Fiery Armour      |     3 |     3 |     5 |     1 ||    12
         Heroism           |       |       |       |     2 ||     2
    Use: Scroll            |     3 |     9 |    11 |     3 ||    26
         Potion            |     1 |       |     3 |     2 ||     6
 Armour: Robe              |    25 |    23 |       |       ||    48
         Scale mail        |       |    61 |    82 |       ||   143
         Chain mail        |       |       |    78 |   113 ||   191
  Dodge: Dodged            |    26 |    52 |    74 |    42 ||   194
  Block: Tower shield      |       |    77 |   343 |   192 ||   612

Table legend:
 A = Non-vault XP
 B = Vault XP
 C = Vault XP percentage of total XP
 D = Non-vault monster count
 E = Vault monster count
 F = Vault count percentage of total count
                 A         B        C        D         E       F
            +---------+---------+-------+---------+---------+-------
      Total |    5973 |    1739 |  22.5 |     172 |      45 |  20.7
            +---------+---------+-------+---------+---------+-------
        D:1 |      27 |       0 |   0.0 |      15 |       0 |   0.0
        D:2 |     153 |       0 |   0.0 |      23 |       0 |   0.0
        D:3 |      81 |       0 |   0.0 |      17 |       0 |   0.0
        D:4 |      84 |     512 |  85.9 |       9 |       6 |  40.0
        D:5 |     685 |     430 |  38.6 |      17 |       6 |  26.1
        D:6 |     402 |     106 |  20.9 |      15 |       5 |  25.0
        D:7 |     517 |     132 |  20.3 |      21 |       5 |  19.2
        D:8 |    1803 |     191 |   9.6 |      33 |       2 |   5.7
        D:9 |    1734 |     368 |  17.5 |      21 |      21 |  50.0
       D:12 |     487 |       0 |   0.0 |       1 |       0 |   0.0
            +---------+---------+-------+---------+---------+-------
